Workbook

Sheet Résultats et personnel
A1: L'équipe | B1: Nicolas | C1: Ludovic | D1: Christian | E1: Grégory | F1: Myriam | G1: Anne | H1: Valentine | I1: Jean-Christophe | J1: Julien | K1: TOTAUX/MOYENNES
A2: Salaire mensuel brut | B2: 1000 | C2: 1000 | D2: 1000 | E2: 1000 | F2: 1000 | G2: 1000 | H2: 1000 | I2: 1000 | J2: 1000 | K2: =SUM(B2:J2) -> 9000
A3: Salaire annuel brut hors primes et commissions | B3: =B2*12 -> 12000 | C3: =C2*12 -> 12000 | D3: =D2*12 -> 12000 | E3: =E2*12 -> 12000 | F3: =F2*12 -> 12000 | G3: =G2*12 -> 12000 | H3: =H2*12 -> 12000 | I3: =I2*12 -> 12000 | J3: =J2*12 -> 12000 | K3: =SUM(B3:J3) -> 108000
A4: % commission | B4: =$D$11 -> 0.2 | C4: =$D$11 -> 0.2 | D4: =$D$11 -> 0.2 | E4: =$D$11 -> 0.2 | F4: =$D$11 -> 0.2 | G4: =$D$11 -> 0.2 | H4: =$D$11 -> 0.2 | I4: =$D$11 -> 0.2 | J4: =$D$11 -> 0.2 | K4: =AVERAGE(B4:J4) -> 0.2
A5: Salaire annuel brut avec primes et commissions | B5: =B3+B43 -> #REF! | C5: =C3+C43 -> 12000 | D5: =D3+D43 -> #VALUE! | E5: =E3+E43 -> #VALUE! | F5: =F3+F43 -> #VALUE! | G5: =G3+G43 -> #VALUE! | H5: =H3+H43 -> #VALUE! | I5: =I3+I43 -> #VALUE! | J5: =J3+J43 -> #VALUE! | K5: =SUM(B5:J5) -> #REF!
A6: Coût du salarié avec charges | B6: =B5*(1+$F$10) -> #REF! | C6: =C5*(1+$F$10) -> 17400 | D6: =D5*(1+$F$10) -> #VALUE! | E6: =E5*(1+$F$10) -> #VALUE! | F6: =F5*(1+$F$10) -> #VALUE! | G6: =G5*(1+$F$10) -> #VALUE! | H6: =H5*(1+$F$10) -> #VALUE! | I6: =I5*(1+$F$10) -> #VALUE! | J6: =J5*(1+$F$10) -> #VALUE! | K6: =SUM(B6:J6) -> #REF!
A7: Ratio coût/bénéfices du salarié | B7: =IFERROR(B26/B6,"") | C7: =IFERROR(C26/C6,"") -> 0 | D7: =IFERROR(D26/D6,"") | E7: =IFERROR(E26/E6,"") | F7: =IFERROR(F26/F6,"") | G7: =IFERROR(G26/G6,"") | H7: =IFERROR(H26/H6,"") | I7: =IFERROR(I26/I6,"") | J7: =IFERROR(J26/J6,"") | K7: =AVERAGE(B7:J7) -> 0
B9: Salariés | D9: Tx com | F9: Tx charge | H9: SMIC brut (35h)
B10: 9 | D10: 0.1 | F10: 0.45 | H10: 1345.4
D11: 0.2
A13: CA (€) | B13: Nicolas | C13: Ludovic | D13: Christian | E13: Grégory | F13: Myriam | G13: Anne | H13: Valentine | I13: Jean-Christophe | J13: Julien | K13: Total
A14: Janvier | D14: =ALEA.ENTRE.BORNES(200;10000) | E14: =ALEA.ENTRE.BORNES(200;10000) | F14: =ALEA.ENTRE.BORNES(200;10000) | G14: =ALEA.ENTRE.BORNES(200;10000) | H14: =ALEA.ENTRE.BORNES(200;10000) | I14: =ALEA.ENTRE.BORNES(200;10000) | J14: =ALEA.ENTRE.BORNES(200;10000) | K14: 300000
A15: Février | D15: =ALEA.ENTRE.BORNES(200;10000) | E15: =ALEA.ENTRE.BORNES(200;10000) | F15: =ALEA.ENTRE.BORNES(200;10000) | G15: =ALEA.ENTRE.BORNES(200;10000) | H15: =ALEA.ENTRE.BORNES(200;10000) | I15: =ALEA.ENTRE.BORNES(200;10000) | J15: =ALEA.ENTRE.BORNES(200;10000) | K15: =SUM(B15:J15) -> 0
A16: Mars | D16: =ALEA.ENTRE.BORNES(200;10000) | E16: =ALEA.ENTRE.BORNES(200;10000) | F16: =ALEA.ENTRE.BORNES(200;10000) | G16: =ALEA.ENTRE.BORNES(200;10000) | H16: =ALEA.ENTRE.BORNES(200;10000) | I16: =ALEA.ENTRE.BORNES(200;10000) | J16: =ALEA.ENTRE.BORNES(200;10000) | K16: =SUM(B16:J16) -> 0
A17: Avril | D17: =ALEA.ENTRE.BORNES(200;10000) | E17: =ALEA.ENTRE.BORNES(200;10000) | F17: =ALEA.ENTRE.BORNES(200;10000) | G17: =ALEA.ENTRE.BORNES(200;10000) | H17: =ALEA.ENTRE.BORNES(200;10000) | I17: =ALEA.ENTRE.BORNES(200;10000) | J17: =ALEA.ENTRE.BORNES(200;10000) | K17: =SUM(B17:J17) -> 0
A18: Mai | D18: =ALEA.ENTRE.BORNES(200;10000) | E18: =ALEA.ENTRE.BORNES(200;10000) | F18: =ALEA.ENTRE.BORNES(200;10000) | G18: =ALEA.ENTRE.BORNES(200;10000) | H18: =ALEA.ENTRE.BORNES(200;10000) | I18: =ALEA.ENTRE.BORNES(200;10000) | J18: =ALEA.ENTRE.BORNES(200;10000) | K18: =SUM(B18:J18) -> 0
A19: Juin | D19: =ALEA.ENTRE.BORNES(200;10000) | E19: =ALEA.ENTRE.BORNES(200;10000) | F19: =ALEA.ENTRE.BORNES(200;10000) | G19: =ALEA.ENTRE.BORNES(200;10000) | H19: =ALEA.ENTRE.BORNES(200;10000) | I19: =ALEA.ENTRE.BORNES(200;10000) | J19: =ALEA.ENTRE.BORNES(200;10000) | K19: =SUM(B19:J19) -> 0
A20: Juillet | D20: =ALEA.ENTRE.BORNES(200;10000) | E20: =ALEA.ENTRE.BORNES(200;10000) | F20: =ALEA.ENTRE.BORNES(200;10000) | G20: =ALEA.ENTRE.BORNES(200;10000) | H20: =ALEA.ENTRE.BORNES(200;10000) | I20: =ALEA.ENTRE.BORNES(200;10000) | J20: =ALEA.ENTRE.BORNES(200;10000) | K20: =SUM(B20:J20) -> 0
A21: Août | D21: =ALEA.ENTRE.BORNES(200;10000) | E21: =ALEA.ENTRE.BORNES(200;10000) | F21: =ALEA.ENTRE.BORNES(200;10000) | G21: =ALEA.ENTRE.BORNES(200;10000) | H21: =ALEA.ENTRE.BORNES(200;10000) | I21: =ALEA.ENTRE.BORNES(200;10000) | J21: =ALEA.ENTRE.BORNES(200;10000) | K21: =SUM(B21:J21) -> 0
A22: Septembre | D22: =ALEA.ENTRE.BORNES(200;10000) | E22: =ALEA.ENTRE.BORNES(200;10000) | F22: =ALEA.ENTRE.BORNES(200;10000) | G22: =ALEA.ENTRE.BORNES(200;10000) | H22: =ALEA.ENTRE.BORNES(200;10000) | I22: =ALEA.ENTRE.BORNES(200;10000) | J22: =ALEA.ENTRE.BORNES(200;10000) | K22: =SUM(B22:J22) -> 0
A23: Octobre | D23: =ALEA.ENTRE.BORNES(200;10000) | E23: =ALEA.ENTRE.BORNES(200;10000) | F23: =ALEA.ENTRE.BORNES(200;10000) | G23: =ALEA.ENTRE.BORNES(200;10000) | H23: =ALEA.ENTRE.BORNES(200;10000) | I23: =ALEA.ENTRE.BORNES(200;10000) | J23: =ALEA.ENTRE.BORNES(200;10000) | K23: =SUM(B23:J23) -> 0
A24: Novembre | D24: =ALEA.ENTRE.BORNES(200;10000) | E24: =ALEA.ENTRE.BORNES(200;10000) | F24: =ALEA.ENTRE.BORNES(200;10000) | G24: =ALEA.ENTRE.BORNES(200;10000) | H24: =ALEA.ENTRE.BORNES(200;10000) | I24: =ALEA.ENTRE.BORNES(200;10000) | J24: =ALEA.ENTRE.BORNES(200;10000) | K24: =SUM(B24:J24) -> 0
A25: Décembre | D25: =ALEA.ENTRE.BORNES(200;10000) | E25: =ALEA.ENTRE.BORNES(200;10000) | F25: =ALEA.ENTRE.BORNES(200;10000) | G25: =ALEA.ENTRE.BORNES(200;10000) | H25: =ALEA.ENTRE.BORNES(200;10000) | I25: =ALEA.ENTRE.BORNES(200;10000) | J25: =ALEA.ENTRE.BORNES(200;10000) | K25: =SUM(B25:J25) -> 0
A26: CA annuel personnel | D26: =ALEA.ENTRE.BORNES(200;10000) | E26: =ALEA.ENTRE.BORNES(200;10000) | F26: =ALEA.ENTRE.BORNES(200;10000) | G26: =ALEA.ENTRE.BORNES(200;10000) | H26: =ALEA.ENTRE.BORNES(200;10000) | I26: =ALEA.ENTRE.BORNES(200;10000) | J26: =ALEA.ENTRE.BORNES(200;10000) | K26: 231000
A29: Commission (€) | B29: Nicolas | C29: Ludovic | D29: Christian | E29: Grégory | F29: Myriam | G29: Anne | H29: Valentine | I29: Jean-Christophe | J29: Julien | K29: TOTAL
A30: Janvier | B30: =#REF!*$B$4 -> #REF! | C30: =B14*$C$4 -> 0 | D30: =D14*$D$4 -> #VALUE! | E30: =E14*$E$4 -> #VALUE! | F30: =F14*$F$4 -> #VALUE! | G30: =G14*$G$4 -> #VALUE! | H30: =H14*$H$4 -> #VALUE! | I30: =I14*$I$4 -> #VALUE! | J30: =J14*$J$4 -> #VALUE! | K30: =SUM(B30:J30) -> #REF!
A31: Février | B31: =B15*$B$4 -> 0 | C31: =C15*$C$4 -> 0 | D31: =D15*$D$4 -> #VALUE! | E31: =E15*$E$4 -> #VALUE! | F31: =F15*$F$4 -> #VALUE! | G31: =G15*$G$4 -> #VALUE! | H31: =H15*$H$4 -> #VALUE! | I31: =I15*$I$4 -> #VALUE! | J31: =J15*$J$4 -> #VALUE! | K31: =SUM(B31:J31) -> #VALUE!
A32: Mars | B32: =B16*$B$4 -> 0 | C32: =C16*$C$4 -> 0 | D32: =D16*$D$4 -> #VALUE! | E32: =E16*$E$4 -> #VALUE! | F32: =F16*$F$4 -> #VALUE! | G32: =G16*$G$4 -> #VALUE! | H32: =H16*$H$4 -> #VALUE! | I32: =I16*$I$4 -> #VALUE! | J32: =J16*$J$4 -> #VALUE! | K32: =SUM(B32:J32) -> #VALUE!
A33: Avril | B33: =B17*$B$4 -> 0 | C33: =C17*$C$4 -> 0 | D33: =D17*$D$4 -> #VALUE! | E33: =E17*$E$4 -> #VALUE! | F33: =F17*$F$4 -> #VALUE! | G33: =G17*$G$4 -> #VALUE! | H33: =H17*$H$4 -> #VALUE! | I33: =I17*$I$4 -> #VALUE! | J33: =J17*$J$4 -> #VALUE! | K33: =SUM(B33:J33) -> #VALUE!
A34: Mai | B34: =B18*$B$4 -> 0 | C34: =C18*$C$4 -> 0 | D34: =D18*$D$4 -> #VALUE! | E34: =E18*$E$4 -> #VALUE! | F34: =F18*$F$4 -> #VALUE! | G34: =G18*$G$4 -> #VALUE! | H34: =H18*$H$4 -> #VALUE! | I34: =I18*$I$4 -> #VALUE! | J34: =J18*$J$4 -> #VALUE! | K34: =SUM(B34:J34) -> #VALUE!
A35: Juin | B35: =B19*$B$4 -> 0 | C35: =C19*$C$4 -> 0 | D35: =D19*$D$4 -> #VALUE! | E35: =E19*$E$4 -> #VALUE! | F35: =F19*$F$4 -> #VALUE! | G35: =G19*$G$4 -> #VALUE! | H35: =H19*$H$4 -> #VALUE! | I35: =I19*$I$4 -> #VALUE! | J35: =J19*$J$4 -> #VALUE! | K35: =SUM(B35:J35) -> #VALUE!
A36: Juillet | B36: =B20*$B$4 -> 0 | C36: =C20*$C$4 -> 0 | D36: =D20*$D$4 -> #VALUE! | E36: =E20*$E$4 -> #VALUE! | F36: =F20*$F$4 -> #VALUE! | G36: =G20*$G$4 -> #VALUE! | H36: =H20*$H$4 -> #VALUE! | I36: =I20*$I$4 -> #VALUE! | J36: =J20*$J$4 -> #VALUE! | K36: =SUM(B36:J36) -> #VALUE!
A37: Août | B37: =B21*$B$4 -> 0 | C37: =C21*$C$4 -> 0 | D37: =D21*$D$4 -> #VALUE! | E37: =E21*$E$4 -> #VALUE! | F37: =F21*$F$4 -> #VALUE! | G37: =G21*$G$4 -> #VALUE! | H37: =H21*$H$4 -> #VALUE! | I37: =I21*$I$4 -> #VALUE! | J37: =J21*$J$4 -> #VALUE! | K37: =SUM(B37:J37) -> #VALUE!
A38: Septembre | B38: =B22*$B$4 -> 0 | C38: =C22*$C$4 -> 0 | D38: =D22*$D$4 -> #VALUE! | E38: =E22*$E$4 -> #VALUE! | F38: =F22*$F$4 -> #VALUE! | G38: =G22*$G$4 -> #VALUE! | H38: =H22*$H$4 -> #VALUE! | I38: =I22*$I$4 -> #VALUE! | J38: =J22*$J$4 -> #VALUE! | K38: =SUM(B38:J38) -> #VALUE!
A39: Octobre | B39: =B23*$B$4 -> 0 | C39: =C23*$C$4 -> 0 | D39: =D23*$D$4 -> #VALUE! | E39: =E23*$E$4 -> #VALUE! | F39: =F23*$F$4 -> #VALUE! | G39: =G23*$G$4 -> #VALUE! | H39: =H23*$H$4 -> #VALUE! | I39: =I23*$I$4 -> #VALUE! | J39: =J23*$J$4 -> #VALUE! | K39: =SUM(B39:J39) -> #VALUE!
A40: Novembre | B40: =B24*$B$4 -> 0 | C40: =C24*$C$4 -> 0 | D40: =D24*$D$4 -> #VALUE! | E40: =E24*$E$4 -> #VALUE! | F40: =F24*$F$4 -> #VALUE! | G40: =G24*$G$4 -> #VALUE! | H40: =H24*$H$4 -> #VALUE! | I40: =I24*$I$4 -> #VALUE! | J40: =J24*$J$4 -> #VALUE! | K40: =SUM(B40:J40) -> #VALUE!
A41: Décembre | B41: =B25*$B$4 -> 0 | C41: =C25*$C$4 -> 0 | D41: =D25*$D$4 -> #VALUE! | E41: =E25*$E$4 -> #VALUE! | F41: =F25*$F$4 -> #VALUE! | G41: =G25*$G$4 -> #VALUE! | H41: =H25*$H$4 -> #VALUE! | I41: =I25*$I$4 -> #VALUE! | J41: =J25*$J$4 -> #VALUE! | K41: =SUM(B41:J41) -> #VALUE!
A42: Taux de commission | B42: =B4 -> 0.2 | C42: =C4 -> 0.2 | D42: =D4 -> 0.2 | E42: =E4 -> 0.2 | F42: =F4 -> 0.2 | G42: =G4 -> 0.2 | H42: =H4 -> 0.2 | I42: =I4 -> 0.2 | J42: =J4 -> 0.2 | K42: =AVERAGE(B42:J42) -> 0.2
A43: Commission annuelle | B43: =SUM(B30:B41) -> #REF! | C43: =SUM(C30:C41) -> 0 | D43: =SUM(D30:D41) -> #VALUE! | E43: =SUM(E30:E41) -> #VALUE! | F43: =SUM(F30:F41) -> #VALUE! | G43: =SUM(G30:G41) -> #VALUE! | H43: =SUM(H30:H41) -> #VALUE! | I43: =SUM(I30:I41) -> #VALUE! | J43: =SUM(J30:J41) -> #VALUE! | K43: =SUM(B43:J43) -> #REF!
A44: Commission mensuelle moyenne | B44: =$B$43/12 -> #REF! | C44: =$B$43/12 -> #REF! | D44: =$B$43/12 -> #REF! | E44: =$B$43/12 -> #REF! | F44: =$B$43/12 -> #REF! | G44: =$B$43/12 -> #REF! | H44: =$B$43/12 -> #REF! | I44: =$B$43/12 -> #REF! | ... K44: =$B$43/12 -> #REF!
A47: Prime de performance | B47: CA annuel (€) | C47: Rang | D47: Prime individuelle dûe | E47: Prime collective dûe | F47: Total primes | H47: Prime individuelle | I47: Montant
A48: Nicolas | B48: =B26 -> 0 | C48: =RANK(B48,$B$48:$B$56) -> 1 | D48: =IF(C48=1,$I$48,IF(C48=2,$I$49,IF(C48=3,$I$50,0))) -> 3000 | E48: =CHOOSE(MATCH(K26,H55:H61,-1)+1,I55,I56,I57,I58,I59,I60,0) -> 2000 | F48: =SUM(D48:E48) -> 5000 | H48: 1ère place | I48: 3000
A49: Ludovic | B49: =C26 -> 0 | C49: =RANK(B49,$B$48:$B$56) -> 1 | D49: =IF(C49=1,$I$48,IF(C49=2,$I$49,IF(C49=3,$I$50,0))) -> 3000 | F49: =SUM(D49:E49) -> 3000 | H49: 2ème place | I49: 2000
A50: Christian | B50: =D26 -> =ALEA.ENTRE.BORNES(200;10000) | C50: =RANK(B50,$B$48:$B$56) -> #VALUE! | D50: =IF(C50=1,$I$48,IF(C50=2,$I$49,IF(C50=3,$I$50,0))) -> #VALUE! | F50: =SUM(D50:E50) -> #VALUE! | H50: 3ème place | I50: 1000
A51: Grégory | B51: =E26 -> =ALEA.ENTRE.BORNES(200;10000) | C51: =RANK(B51,$B$48:$B$56) -> #VALUE! | D51: =IF(C51=1,$I$48,IF(C51=2,$I$49,IF(C51=3,$I$50,0))) -> #VALUE! | F51: =SUM(D51:E51) -> #VALUE!
A52: Myriam | B52: =F26 -> =ALEA.ENTRE.BORNES(200;10000) | C52: =RANK(B52,$B$48:$B$56) -> #VALUE! | D52: =IF(C52=1,$I$48,IF(C52=2,$I$49,IF(C52=3,$I$50,0))) -> #VALUE! | F52: =SUM(D52:E52) -> #VALUE!
A53: Anne | B53: =G26 -> =ALEA.ENTRE.BORNES(200;10000) | C53: =RANK(B53,$B$48:$B$56) -> #VALUE! | D53: =IF(C53=1,$I$48,IF(C53=2,$I$49,IF(C53=3,$I$50,0))) -> #VALUE! | F53: =SUM(D53:E53) -> #VALUE! | H53: Prime collective
A54: Valentine | B54: =H26 -> =ALEA.ENTRE.BORNES(200;10000) | C54: =RANK(B54,$B$48:$B$56) -> #VALUE! | D54: =IF(C54=1,$I$48,IF(C54=2,$I$49,IF(C54=3,$I$50,0))) -> #VALUE! | F54: =SUM(D54:E54) -> #VALUE! | H54: CA supérieur à | I54: Montant
A55: Jean-Christophe | B55: =I26 -> =ALEA.ENTRE.BORNES(200;10000) | C55: =RANK(B55,$B$48:$B$56) -> #VALUE! | D55: =IF(C55=1,$I$48,IF(C55=2,$I$49,IF(C55=3,$I$50,0))) -> #VALUE! | F55: =SUM(D55:E55) -> #VALUE! | H55: 1000000 | I55: 10000
A56: Julien | B56: =J26 -> =ALEA.ENTRE.BORNES(200;10000) | C56: =RANK(B56,$B$48:$B$56) -> #VALUE! | D56: =IF(C56=1,$I$48,IF(C56=2,$I$49,IF(C56=3,$I$50,0))) -> #VALUE! | F56: =SUM(D56:E56) -> #VALUE! | H56: 500000 | I56: 5000
A57: TOTAL | D57: =SUM(D48:D56) -> #VALUE! | F57: =SUM(F48:F56) -> #VALUE! | H57: 300000 | I57: 3000
H58: 200000 | I58: 2000
A59: Mois | B59: Coefficient saisonnier | H59: 100000 | I59: 1000
A60: Janvier | B60: =K14/($K$26/12) -> 15.584416 | H60: 50000 | I60: 500
A61: Février | B61: =K15/($K$26/12) -> 0 | H61: 0 | I61: 0
A62: Mars | B62: =K16/($K$26/12) -> 0
A63: Avril | B63: =K17/($K$26/12) -> 0
A64: Mai | B64: =K18/($K$26/12) -> 0
A65: Juin | B65: =K19/($K$26/12) -> 0
A66: Juillet | B66: =K20/($K$26/12) -> 0
A67: Août | B67: =K21/($K$26/12) -> 0
A68: Septembre | B68: =K22/($K$26/12) -> 0
A69: Octobre | B69: =K23/($K$26/12) -> 0
A70: Novembre | B70: =K24/($K$26/12) -> 0
A71: Décembre | B71: =K25/($K$26/12) -> 0

Sheet Objectifs CA
A2: Objectifs CA (€) | B2: Nicolas | C2: Ludovic | D2: Christian | E2: Grégory | F2: Myriam | G2: Anne | H2: Valentine | I2: Jean-Christophe | J2: Julien | K2: Total
A3: Janvier | B3: =RANDBETWEEN(200,10000) -> 9454 | C3: =RANDBETWEEN(200,10000) -> 3802 | D3: =RANDBETWEEN(200,10000) -> 3569 | E3: =RANDBETWEEN(200,10000) -> 3985 | F3: =RANDBETWEEN(200,10000) -> 7857 | G3: =RANDBETWEEN(200,10000) -> 535 | H3: =RANDBETWEEN(200,10000) -> 2086 | I3: =RANDBETWEEN(200,10000) -> 8104 | J3: =RANDBETWEEN(200,10000) -> 7448 | K3: =SUM(B3:J3) -> 46840
A4: Réel | B4: ='Résultats et personnel'!#REF! -> #REF! | C4: ='Résultats et personnel'!B14 -> 0 | D4: ='Résultats et personnel'!D14 -> =ALEA.ENTRE.BORNES(200;10000) | E4: ='Résultats et personnel'!E14 -> =ALEA.ENTRE.BORNES(200;10000) | F4: ='Résultats et personnel'!F14 -> =ALEA.ENTRE.BORNES(200;10000) | G4: ='Résultats et personnel'!G14 -> =ALEA.ENTRE.BORNES(200;10000) | H4: ='Résultats et personnel'!H14 -> =ALEA.ENTRE.BORNES(200;10000) | I4: ='Résultats et personnel'!I14 -> =ALEA.ENTRE.BORNES(200;10000) | J4: ='Résultats et personnel'!J14 -> =ALEA.ENTRE.BORNES(200;10000) | K4: ='Résultats et personnel'!K14 -> 300000
A5: Ecart | B5: =B4-B3 -> #REF! | C5: =C4-C3 -> -3802 | D5: =D4-D3 -> #VALUE! | E5: =E4-E3 -> #VALUE! | F5: =F4-F3 -> #VALUE! | G5: =G4-G3 -> #VALUE! | H5: =H4-H3 -> #VALUE! | I5: =I4-I3 -> #VALUE! | ... K5: =K4-K3 -> 253160
A6: Février | B6: =RANDBETWEEN(200,10000) -> 2826 | C6: =RANDBETWEEN(200,10000) -> 9450 | D6: =RANDBETWEEN(200,10000) -> 4467 | E6: =RANDBETWEEN(200,10000) -> 2405 | F6: =RANDBETWEEN(200,10000) -> 4177 | G6: =RANDBETWEEN(200,10000) -> 5935 | H6: =RANDBETWEEN(200,10000) -> 9877 | I6: =RANDBETWEEN(200,10000) -> 7005 | J6: =RANDBETWEEN(200,10000) -> 1542 | K6: =SUM(B6:J6) -> 47684
A7: Réel | B7: ='Résultats et personnel'!B15 -> 0 | C7: ='Résultats et personnel'!C15 -> 0 | D7: ='Résultats et personnel'!D15 -> =ALEA.ENTRE.BORNES(200;10000) | E7: ='Résultats et personnel'!E15 -> =ALEA.ENTRE.BORNES(200;10000) | F7: ='Résultats et personnel'!F15 -> =ALEA.ENTRE.BORNES(200;10000) | G7: ='Résultats et personnel'!G15 -> =ALEA.ENTRE.BORNES(200;10000) | H7: ='Résultats et personnel'!H15 -> =ALEA.ENTRE.BORNES(200;10000) | I7: ='Résultats et personnel'!I15 -> =ALEA.ENTRE.BORNES(200;10000) | ... K7: ='Résultats et personnel'!K15 -> 0
A8: Ecart | B8: =B7-B6 -> -2826 | C8: =C7-C6 -> -9450 | D8: =D7-D6 -> #VALUE! | E8: =E7-E6 -> #VALUE! | F8: =F7-F6 -> #VALUE! | G8: =G7-G6 -> #VALUE! | H8: =H7-H6 -> #VALUE! | I8: =I7-I6 -> #VALUE! | ... K8: =K7-K6 -> -47684
A9: Mars | B9: =RANDBETWEEN(200,10000) -> 2235 | C9: =RANDBETWEEN(200,10000) -> 3234 | D9: =RANDBETWEEN(200,10000) -> 1427 | E9: =RANDBETWEEN(200,10000) -> 2742 | F9: =RANDBETWEEN(200,10000) -> 8928 | G9: =RANDBETWEEN(200,10000) -> 2190 | H9: =RANDBETWEEN(200,10000) -> 5114 | I9: =RANDBETWEEN(200,10000) -> 5863 | J9: =RANDBETWEEN(200,10000) -> 3361 | K9: =SUM(B9:J9) -> 35094
A10: Réel | B10: ='Résultats et personnel'!B16 -> 0 | C10: ='Résultats et personnel'!C16 -> 0 | D10: ='Résultats et personnel'!D16 -> =ALEA.ENTRE.BORNES(200;10000) | E10: ='Résultats et personnel'!E16 -> =ALEA.ENTRE.BORNES(200;10000) | F10: ='Résultats et personnel'!F16 -> =ALEA.ENTRE.BORNES(200;10000) | G10: ='Résultats et personnel'!G16 -> =ALEA.ENTRE.BORNES(200;10000) | H10: ='Résultats et personnel'!H16 -> =ALEA.ENTRE.BORNES(200;10000) | I10: ='Résultats et personnel'!I16 -> =ALEA.ENTRE.BORNES(200;10000) | ... K10: ='Résultats et personnel'!K16 -> 0
A11: Ecart | B11: =B10-B9 -> -2235 | C11: =C10-C9 -> -3234 | D11: =D10-D9 -> #VALUE! | E11: =E10-E9 -> #VALUE! | F11: =F10-F9 -> #VALUE! | G11: =G10-G9 -> #VALUE! | H11: =H10-H9 -> #VALUE! | I11: =I10-I9 -> #VALUE! | ... K11: =K10-K9 -> -35094
A12: Avril | B12: =RANDBETWEEN(200,10000) -> 612 | C12: =RANDBETWEEN(200,10000) -> 1104 | D12: =RANDBETWEEN(200,10000) -> 3662 | E12: =RANDBETWEEN(200,10000) -> 6886 | F12: =RANDBETWEEN(200,10000) -> 1015 | G12: =RANDBETWEEN(200,10000) -> 7982 | H12: =RANDBETWEEN(200,10000) -> 7227 | I12: =RANDBETWEEN(200,10000) -> 1825 | J12: =RANDBETWEEN(200,10000) -> 3484 | K12: =SUM(B12:J12) -> 33797
A13: Réel | B13: ='Résultats et personnel'!B17 -> 0 | C13: ='Résultats et personnel'!C17 -> 0 | D13: ='Résultats et personnel'!D17 -> =ALEA.ENTRE.BORNES(200;10000) | E13: ='Résultats et personnel'!E17 -> =ALEA.ENTRE.BORNES(200;10000) | F13: ='Résultats et personnel'!F17 -> =ALEA.ENTRE.BORNES(200;10000) | G13: ='Résultats et personnel'!G17 -> =ALEA.ENTRE.BORNES(200;10000) | H13: ='Résultats et personnel'!H17 -> =ALEA.ENTRE.BORNES(200;10000) | I13: ='Résultats et personnel'!I17 -> =ALEA.ENTRE.BORNES(200;10000) | ... K13: ='Résultats et personnel'!K17 -> 0
A14: Ecart | B14: =B13-B12 -> -612 | C14: =C13-C12 -> -1104 | D14: =D13-D12 -> #VALUE! | E14: =E13-E12 -> #VALUE! | F14: =F13-F12 -> #VALUE! | G14: =G13-G12 -> #VALUE! | H14: =H13-H12 -> #VALUE! | I14: =I13-I12 -> #VALUE! | ... K14: =K13-K12 -> -33797
A15: Mai | B15: =RANDBETWEEN(200,10000) -> 2316 | C15: =RANDBETWEEN(200,10000) -> 1850 | D15: =RANDBETWEEN(200,10000) -> 1010 | E15: =RANDBETWEEN(200,10000) -> 7803 | F15: =RANDBETWEEN(200,10000) -> 2588 | G15: =RANDBETWEEN(200,10000) -> 7424 | H15: =RANDBETWEEN(200,10000) -> 9162 | I15: =RANDBETWEEN(200,10000) -> 4692 | J15: =RANDBETWEEN(200,10000) -> 8146 | K15: =SUM(B15:J15) -> 44991
A16: Réel | B16: ='Résultats et personnel'!B18 -> 0 | C16: ='Résultats et personnel'!C18 -> 0 | D16: ='Résultats et personnel'!D18 -> =ALEA.ENTRE.BORNES(200;10000) | E16: ='Résultats et personnel'!E18 -> =ALEA.ENTRE.BORNES(200;10000) | F16: ='Résultats et personnel'!F18 -> =ALEA.ENTRE.BORNES(200;10000) | G16: ='Résultats et personnel'!G18 -> =ALEA.ENTRE.BORNES(200;10000) | H16: ='Résultats et personnel'!H18 -> =ALEA.ENTRE.BORNES(200;10000) | I16: ='Résultats et personnel'!I18 -> =ALEA.ENTRE.BORNES(200;10000) | ... K16: ='Résultats et personnel'!K18 -> 0
A17: Ecart | B17: =B16-B15 -> -2316 | C17: =C16-C15 -> -1850 | D17: =D16-D15 -> #VALUE! | E17: =E16-E15 -> #VALUE! | F17: =F16-F15 -> #VALUE! | G17: =G16-G15 -> #VALUE! | H17: =H16-H15 -> #VALUE! | I17: =I16-I15 -> #VALUE! | ... K17: =K16-K15 -> -44991
A18: Juin | B18: =RANDBETWEEN(200,10000) -> 4780 | C18: =RANDBETWEEN(200,10000) -> 7556 | D18: =RANDBETWEEN(200,10000) -> 6854 | E18: =RANDBETWEEN(200,10000) -> 8507 | F18: =RANDBETWEEN(200,10000) -> 4343 | G18: =RANDBETWEEN(200,10000) -> 7105 | H18: =RANDBETWEEN(200,10000) -> 6150 | I18: =RANDBETWEEN(200,10000) -> 7937 | J18: =RANDBETWEEN(200,10000) -> 6935 | K18: =SUM(B18:J18) -> 60167
A19: Réel | B19: ='Résultats et personnel'!B19 -> 0 | C19: ='Résultats et personnel'!C19 -> 0 | D19: ='Résultats et personnel'!D19 -> =ALEA.ENTRE.BORNES(200;10000) | E19: ='Résultats et personnel'!E19 -> =ALEA.ENTRE.BORNES(200;10000) | F19: ='Résultats et personnel'!F19 -> =ALEA.ENTRE.BORNES(200;10000) | G19: ='Résultats et personnel'!G19 -> =ALEA.ENTRE.BORNES(200;10000) | H19: ='Résultats et personnel'!H19 -> =ALEA.ENTRE.BORNES(200;10000) | I19: ='Résultats et personnel'!I19 -> =ALEA.ENTRE.BORNES(200;10000) | ... K19: ='Résultats et personnel'!K19 -> 0
A20: Ecart | B20: =B19-B18 -> -4780 | C20: =C19-C18 -> -7556 | D20: =D19-D18 -> #VALUE! | E20: =E19-E18 -> #VALUE! | F20: =F19-F18 -> #VALUE! | G20: =G19-G18 -> #VALUE! | H20: =H19-H18 -> #VALUE! | I20: =I19-I18 -> #VALUE! | ... K20: =K19-K18 -> -60167
A21: Juillet | B21: =RANDBETWEEN(200,10000) -> 9456 | C21: =RANDBETWEEN(200,10000) -> 5464 | D21: =RANDBETWEEN(200,10000) -> 7636 | E21: =RANDBETWEEN(200,10000) -> 4818 | F21: =RANDBETWEEN(200,10000) -> 7466 | G21: =RANDBETWEEN(200,10000) -> 7115 | H21: =RANDBETWEEN(200,10000) -> 5608 | I21: =RANDBETWEEN(200,10000) -> 8239 | J21: =RANDBETWEEN(200,10000) -> 7600 | K21: =SUM(B21:J21) -> 63402
A22: Réel | B22: ='Résultats et personnel'!B20 -> 0 | C22: ='Résultats et personnel'!C20 -> 0 | D22: ='Résultats et personnel'!D20 -> =ALEA.ENTRE.BORNES(200;10000) | E22: ='Résultats et personnel'!E20 -> =ALEA.ENTRE.BORNES(200;10000) | F22: ='Résultats et personnel'!F20 -> =ALEA.ENTRE.BORNES(200;10000) | G22: ='Résultats et personnel'!G20 -> =ALEA.ENTRE.BORNES(200;10000) | H22: ='Résultats et personnel'!H20 -> =ALEA.ENTRE.BORNES(200;10000) | I22: ='Résultats et personnel'!I20 -> =ALEA.ENTRE.BORNES(200;10000) | ... K22: ='Résultats et personnel'!K20 -> 0
A23: Ecart | B23: =B22-B21 -> -9456 | C23: =C22-C21 -> -5464 | D23: =D22-D21 -> #VALUE! | E23: =E22-E21 -> #VALUE! | F23: =F22-F21 -> #VALUE! | G23: =G22-G21 -> #VALUE! | H23: =H22-H21 -> #VALUE! | I23: =I22-I21 -> #VALUE! | ... K23: =K22-K21 -> -63402
A24: Août | B24: =RANDBETWEEN(200,10000) -> 3361 | C24: =RANDBETWEEN(200,10000) -> 2036 | D24: =RANDBETWEEN(200,10000) -> 675 | E24: =RANDBETWEEN(200,10000) -> 6773 | F24: =RANDBETWEEN(200,10000) -> 1435 | G24: =RANDBETWEEN(200,10000) -> 9070 | H24: =RANDBETWEEN(200,10000) -> 3668 | I24: =RANDBETWEEN(200,10000) -> 2484 | J24: =RANDBETWEEN(200,10000) -> 8653 | K24: =SUM(B24:J24) -> 38155
A25: Réel | B25: ='Résultats et personnel'!B21 -> 0 | C25: ='Résultats et personnel'!C21 -> 0 | D25: ='Résultats et personnel'!D21 -> =ALEA.ENTRE.BORNES(200;10000) | E25: ='Résultats et personnel'!E21 -> =ALEA.ENTRE.BORNES(200;10000) | F25: ='Résultats et personnel'!F21 -> =ALEA.ENTRE.BORNES(200;10000) | G25: ='Résultats et personnel'!G21 -> =ALEA.ENTRE.BORNES(200;10000) | H25: ='Résultats et personnel'!H21 -> =ALEA.ENTRE.BORNES(200;10000) | I25: ='Résultats et personnel'!I21 -> =ALEA.ENTRE.BORNES(200;10000) | ... K25: ='Résultats et personnel'!K21 -> 0
A26: Ecart | B26: =B25-B24 -> -3361 | C26: =C25-C24 -> -2036 | D26: =D25-D24 -> #VALUE! | E26: =E25-E24 -> #VALUE! | F26: =F25-F24 -> #VALUE! | G26: =G25-G24 -> #VALUE! | H26: =H25-H24 -> #VALUE! | I26: =I25-I24 -> #VALUE! | ... K26: =K25-K24 -> -38155
A27: Septembre | B27: =RANDBETWEEN(200,10000) -> 6945 | C27: =RANDBETWEEN(200,10000) -> 3298 | D27: =RANDBETWEEN(200,10000) -> 7472 | E27: =RANDBETWEEN(200,10000) -> 2524 | F27: =RANDBETWEEN(200,10000) -> 822 | G27: =RANDBETWEEN(200,10000) -> 8320 | H27: =RANDBETWEEN(200,10000) -> 9466 | I27: =RANDBETWEEN(200,10000) -> 3196 | J27: =RANDBETWEEN(200,10000) -> 218 | K27: =SUM(B27:J27) -> 42261
A28: Réel | B28: ='Résultats et personnel'!B22 -> 0 | C28: ='Résultats et personnel'!C22 -> 0 | D28: ='Résultats et personnel'!D22 -> =ALEA.ENTRE.BORNES(200;10000) | E28: ='Résultats et personnel'!E22 -> =ALEA.ENTRE.BORNES(200;10000) | F28: ='Résultats et personnel'!F22 -> =ALEA.ENTRE.BORNES(200;10000) | G28: ='Résultats et personnel'!G22 -> =ALEA.ENTRE.BORNES(200;10000) | H28: ='Résultats et personnel'!H22 -> =ALEA.ENTRE.BORNES(200;10000) | I28: ='Résultats et personnel'!I22 -> =ALEA.ENTRE.BORNES(200;10000) | ... K28: ='Résultats et personnel'!K22 -> 0
A29: Ecart | B29: =B28-B27 -> -6945 | C29: =C28-C27 -> -3298 | D29: =D28-D27 -> #VALUE! | E29: =E28-E27 -> #VALUE! | F29: =F28-F27 -> #VALUE! | G29: =G28-G27 -> #VALUE! | H29: =H28-H27 -> #VALUE! | I29: =I28-I27 -> #VALUE! | ... K29: =K28-K27 -> -42261
A30: Octobre | B30: =RANDBETWEEN(200,10000) -> 5975 | C30: =RANDBETWEEN(200,10000) -> 2885 | D30: =RANDBETWEEN(200,10000) -> 3567 | E30: =RANDBETWEEN(200,10000) -> 9755 | F30: =RANDBETWEEN(200,10000) -> 1474 | G30: =RANDBETWEEN(200,10000) -> 6077 | H30: =RANDBETWEEN(200,10000) -> 505 | I30: =RANDBETWEEN(200,10000) -> 6637 | J30: =RANDBETWEEN(200,10000) -> 6115 | K30: =SUM(B30:J30) -> 42990
A31: Réel | B31: ='Résultats et personnel'!B23 -> 0 | C31: ='Résultats et personnel'!C23 -> 0 | D31: ='Résultats et personnel'!D23 -> =ALEA.ENTRE.BORNES(200;10000) | E31: ='Résultats et personnel'!E23 -> =ALEA.ENTRE.BORNES(200;10000) | F31: ='Résultats et personnel'!F23 -> =ALEA.ENTRE.BORNES(200;10000) | G31: ='Résultats et personnel'!G23 -> =ALEA.ENTRE.BORNES(200;10000) | H31: ='Résultats et personnel'!H23 -> =ALEA.ENTRE.BORNES(200;10000) | I31: ='Résultats et personnel'!I23 -> =ALEA.ENTRE.BORNES(200;10000) | ... K31: ='Résultats et personnel'!K23 -> 0
A32: Ecart | B32: =B31-B30 -> -5975 | C32: =C31-C30 -> -2885 | D32: =D31-D30 -> #VALUE! | E32: =E31-E30 -> #VALUE! | F32: =F31-F30 -> #VALUE! | G32: =G31-G30 -> #VALUE! | H32: =H31-H30 -> #VALUE! | I32: =I31-I30 -> #VALUE! | ... K32: =K31-K30 -> -42990
A33: Novembre | B33: =RANDBETWEEN(200,10000) -> 2828 | C33: =RANDBETWEEN(200,10000) -> 4613 | D33: =RANDBETWEEN(200,10000) -> 2474 | E33: =RANDBETWEEN(200,10000) -> 3481 | F33: =RANDBETWEEN(200,10000) -> 4585 | G33: =RANDBETWEEN(200,10000) -> 9915 | H33: =RANDBETWEEN(200,10000) -> 1059 | I33: =RANDBETWEEN(200,10000) -> 7865 | J33: =RANDBETWEEN(200,10000) -> 6117 | K33: =SUM(B33:J33) -> 42937
A34: Réel | B34: ='Résultats et personnel'!B24 -> 0 | C34: ='Résultats et personnel'!C24 -> 0 | D34: ='Résultats et personnel'!D24 -> =ALEA.ENTRE.BORNES(200;10000) | E34: ='Résultats et personnel'!E24 -> =ALEA.ENTRE.BORNES(200;10000) | F34: ='Résultats et personnel'!F24 -> =ALEA.ENTRE.BORNES(200;10000) | G34: ='Résultats et personnel'!G24 -> =ALEA.ENTRE.BORNES(200;10000) | H34: ='Résultats et personnel'!H24 -> =ALEA.ENTRE.BORNES(200;10000) | I34: ='Résultats et personnel'!I24 -> =ALEA.ENTRE.BORNES(200;10000) | ... K34: ='Résultats et personnel'!K24 -> 0
A35: Ecart | B35: =B34-B33 -> -2828 | C35: =C34-C33 -> -4613 | D35: =D34-D33 -> #VALUE! | E35: =E34-E33 -> #VALUE! | F35: =F34-F33 -> #VALUE! | G35: =G34-G33 -> #VALUE! | H35: =H34-H33 -> #VALUE! | I35: =I34-I33 -> #VALUE! | ... K35: =K34-K33 -> -42937
A36: Décembre | B36: =RANDBETWEEN(200,10000) -> 6185 | C36: =RANDBETWEEN(200,10000) -> 4162 | D36: =RANDBETWEEN(200,10000) -> 2793 | E36: =RANDBETWEEN(200,10000) -> 6392 | F36: =RANDBETWEEN(200,10000) -> 2439 | G36: =RANDBETWEEN(200,10000) -> 902 | H36: =RANDBETWEEN(200,10000) -> 4583 | I36: =RANDBETWEEN(200,10000) -> 9335 | J36: =RANDBETWEEN(200,10000) -> 8232 | K36: =SUM(B36:J36) -> 45023
A37: Réel | B37: ='Résultats et personnel'!B25 -> 0 | C37: ='Résultats et personnel'!C25 -> 0 | D37: ='Résultats et personnel'!D25 -> =ALEA.ENTRE.BORNES(200;10000) | E37: ='Résultats et personnel'!E25 -> =ALEA.ENTRE.BORNES(200;10000) | F37: ='Résultats et personnel'!F25 -> =ALEA.ENTRE.BORNES(200;10000) | G37: ='Résultats et personnel'!G25 -> =ALEA.ENTRE.BORNES(200;10000) | H37: ='Résultats et personnel'!H25 -> =ALEA.ENTRE.BORNES(200;10000) | I37: ='Résultats et personnel'!I25 -> =ALEA.ENTRE.BORNES(200;10000) | ... K37: ='Résultats et personnel'!K25 -> 0
A38: Ecart | B38: =B37-B36 -> -6185 | C38: =C37-C36 -> -4162 | D38: =D37-D36 -> #VALUE! | E38: =E37-E36 -> #VALUE! | F38: =F37-F36 -> #VALUE! | G38: =G37-G36 -> #VALUE! | H38: =H37-H36 -> #VALUE! | I38: =I37-I36 -> #VALUE! | ... K38: =K37-K36 -> -45023
A39: TOTAL | B39: =SUM(B3+B6+B9+B12+B15+B18+B21+B24+B27+B30+B33+B36) -> 56973 | C39: =SUM(C3+C6+C9+C12+C15+C18+C21+C24+C27+C30+C33+C36) -> 49454 | D39: =SUM(D3+D6+D9+D12+D15+D18+D21+D24+D27+D30+D33+D36) -> 45606 | E39: =SUM(E3+E6+E9+E12+E15+E18+E21+E24+E27+E30+E33+E36) -> 66071 | F39: =SUM(F3+F6+F9+F12+F15+F18+F21+F24+F27+F30+F33+F36) -> 47129 | G39: =SUM(G3+G6+G9+G12+G15+G18+G21+G24+G27+G30+G33+G36) -> 72570 | H39: =SUM(H3+H6+H9+H12+H15+H18+H21+H24+H27+H30+H33+H36) -> 64505 | I39: =SUM(I3+I6+I9+I12+I15+I18+I21+I24+I27+I30+I33+I36) -> 73182 | ... K39: =SUM(K3+K6+K9+K12+K15+K18+K21+K24+K27+K30+K33+K36) -> 543341
A40: Réel | B40: ='Résultats et personnel'!B26 -> 0 | C40: ='Résultats et personnel'!C26 -> 0 | D40: ='Résultats et personnel'!D26 -> =ALEA.ENTRE.BORNES(200;10000) | E40: ='Résultats et personnel'!E26 -> =ALEA.ENTRE.BORNES(200;10000) | F40: ='Résultats et personnel'!F26 -> =ALEA.ENTRE.BORNES(200;10000) | G40: ='Résultats et personnel'!G26 -> =ALEA.ENTRE.BORNES(200;10000) | H40: ='Résultats et personnel'!H26 -> =ALEA.ENTRE.BORNES(200;10000) | I40: ='Résultats et personnel'!I26 -> =ALEA.ENTRE.BORNES(200;10000) | ... K40: ='Résultats et personnel'!K26 -> 231000
A41: Ecart | B41: =B40-B39 -> -56973 | C41: =C40-C39 -> -49454 | D41: =D40-D39 -> #VALUE! | E41: =E40-E39 -> #VALUE! | F41: =F40-F39 -> #VALUE! | G41: =G40-G39 -> #VALUE! | H41: =H40-H39 -> #VALUE! | I41: =I40-I39 -> #VALUE! | ... K41: =K40-K39 -> -312341

Sheet Coûts
B2: COUTS | C2: 2016 | D2: 2017 | E2: 2018 | F2: 2019 | G2: 2020
B3: COUTS VARIABLES
B4: Essence | C4: =50*40*'Résultats et personnel'!$B$10 -> 18000 | D4: =50*40*'Résultats et personnel'!$B$10 -> 18000 | E4: =50*40*'Résultats et personnel'!$B$10 -> 18000 | F4: =50*40*'Résultats et personnel'!$B$10 -> 18000 | G4: =50*40*'Résultats et personnel'!$B$10 -> 18000
B5: Péages | C5: =1500*'Résultats et personnel'!$B$10 -> 13500 | D5: =1500*'Résultats et personnel'!$B$10 -> 13500 | E5: =1500*'Résultats et personnel'!$B$10 -> 13500 | F5: =1500*'Résultats et personnel'!$B$10 -> 13500 | G5: =1500*'Résultats et personnel'!$B$10 -> 13500
B6: TOTAL COUTS VARIABLES | C6: =SUM(C4:C5) -> 31500 | D6: =SUM(D4:D5) -> 31500 | E6: =SUM(E4:E5) -> 31500 | F6: =SUM(F4:F5) -> 31500 | G6: =SUM(G4:G5) -> 31500
B7: COUTS FIXES
B8: Salaires | C8: ='Résultats et personnel'!$K$3 -> 108000 | D8: ='Résultats et personnel'!$K$3 -> 108000 | E8: ='Résultats et personnel'!$K$3 -> 108000 | F8: ='Résultats et personnel'!$K$3 -> 108000 | G8: ='Résultats et personnel'!$K$3 -> 108000
B9: Primes | C9: ='Résultats et personnel'!$F$57 -> #VALUE! | D9: ='Résultats et personnel'!$F$57 -> #VALUE! | E9: ='Résultats et personnel'!$F$57 -> #VALUE! | F9: ='Résultats et personnel'!$F$57 -> #VALUE! | G9: ='Résultats et personnel'!$F$57 -> #VALUE!
B10: Commissions | C10: ='Résultats et personnel'!$K$43 -> #REF! | D10: ='Résultats et personnel'!$K$43 -> #REF! | E10: ='Résultats et personnel'!$K$43 -> #REF! | F10: ='Résultats et personnel'!$K$43 -> #REF! | G10: ='Résultats et personnel'!$K$43 -> #REF!
B11: Charges sociales | C11: ='Résultats et personnel'!$K$6-'Résultats et personnel'!$K$5 -> #REF! | D11: ='Résultats et personnel'!$K$6-'Résultats et personnel'!$K$5 -> #REF! | E11: ='Résultats et personnel'!$K$6-'Résultats et personnel'!$K$5 -> #REF! | F11: ='Résultats et personnel'!$K$6-'Résultats et personnel'!$K$5 -> #REF! | G11: ='Résultats et personnel'!$K$6-'Résultats et personnel'!$K$5 -> #REF!
B12: Locaux | C12: 6000 | D12: 6000 | E12: 6000 | F12: 6000 | G12: 6000
B13: Internet | C13: 100 | D13: 100 | E13: 100 | F13: 100 | G13: 100
B14: Téléphone | C14: =200+(100*'Résultats et personnel'!$B$10) -> 1100 | D14: =200+(100*'Résultats et personnel'!$B$10) -> 1100 | E14: =200+(100*'Résultats et personnel'!$B$10) -> 1100 | F14: =200+(100*'Résultats et personnel'!$B$10) -> 1100 | G14: =200+(100*'Résultats et personnel'!$B$10) -> 1100
B15: Electricité | C15: =200*12 -> 2400 | D15: =200*12 -> 2400 | E15: =200*12 -> 2400 | F15: =200*12 -> 2400 | G15: =200*12 -> 2400
B16: Eau | C16: 1000 | D16: 1000 | E16: 1000 | F16: 1000 | G16: 1000
B17: Communication | C17: 5000 | D17: 5000 | E17: 5000 | F17: 5000 | G17: 5000
B18: Frais bancaires divers | C18: 1000 | D18: 1000 | E18: 1000 | F18: 1000 | G18: 1000
B19: Emprunts | C19: ='Simulateur emprunt bancaire'!$H$13 -> 7387.6629 | D19: ='Simulateur emprunt bancaire'!$H$14 -> 5981.3184 | E19: ='Simulateur emprunt bancaire'!$H$15 -> 4458.2481 | F19: ='Simulateur emprunt bancaire'!$H$16 -> 2808.7636 | G19: ='Simulateur emprunt bancaire'!$H$17 -> 0
B20: TOTAL COUTS FIXES | C20: =SUM(C8:C19) -> #VALUE! | D20: =SUM(D8:D19) -> #VALUE! | E20: =SUM(E8:E19) -> #VALUE! | F20: =SUM(F8:F19) -> #VALUE! | G20: =SUM(G8:G19) -> #VALUE!
B21: TOTAL COUTS | C21: =SUM(C6+C20) -> #VALUE! | D21: =SUM(D6+D20) -> #VALUE! | E21: =SUM(E6+E20) -> #VALUE! | F21: =SUM(F6+F20) -> #VALUE! | G21: =SUM(G6+G20) -> #VALUE!

Sheet Synthèse rentabilité
C2: 2016 | D2: 2017 | E2: 2018 | F2: 2019 | G2: 2020
B3: Chiffre d'affaires | C3: ='Résultats et personnel'!$K$26 -> 231000 | D3: ='Résultats et personnel'!$K$26 -> 231000 | E3: ='Résultats et personnel'!$K$26 -> 231000 | F3: ='Résultats et personnel'!$K$26 -> 231000 | G3: ='Résultats et personnel'!$K$26 -> 231000
B4: Total coûts | C4: =Coûts!$C$21 -> #VALUE! | D4: =Coûts!$C$21 -> #VALUE! | E4: =Coûts!$C$21 -> #VALUE! | F4: =Coûts!$C$21 -> #VALUE! | G4: =Coûts!$C$21 -> #VALUE!
B5: Dont coûts fixes | C5: =Coûts!$C$20 -> #VALUE! | D5: =Coûts!$C$20 -> #VALUE! | E5: =Coûts!$C$20 -> #VALUE! | F5: =Coûts!$C$20 -> #VALUE! | G5: =Coûts!$C$20 -> #VALUE!
B6: Dont coûts variables | C6: =Coûts!$C$6 -> 31500 | D6: =Coûts!$C$6 -> 31500 | E6: =Coûts!$C$6 -> 31500 | F6: =Coûts!$C$6 -> 31500 | G6: =Coûts!$C$6 -> 31500
B7: RESULT BEFORE TAXES | C7: =C3-C4 -> #VALUE! | D7: =D3-D4 -> #VALUE! | E7: =E3-E4 -> #VALUE! | F7: =F3-F4 -> #VALUE! | G7: =G3-G4 -> #VALUE!
B8: Impôts(33%) | C8: =IF(C7>0,C7*0.33,0) -> #VALUE! | D8: =IF(D7>0,D7*0.33,0) -> #VALUE! | E8: =IF(E7>0,E7*0.33,0) -> #VALUE! | F8: =IF(F7>0,F7*0.33,0) -> #VALUE! | G8: =IF(G7>0,G7*0.33,0) -> #VALUE!
B9: RESULTAT NET | C9: =C7-C8 -> #VALUE! | D9: =D7-D8 -> #VALUE! | E9: =E7-E8 -> #VALUE! | F9: =F7-F8 -> #VALUE! | G9: =G7-G8 -> #VALUE!
B10: Marge sur coût variable | C10: =C3-C6 -> 199500 | D10: =D3-D6 -> 199500 | E10: =E3-E6 -> 199500 | F10: =F3-F6 -> 199500 | G10: =G3-G6 -> 199500
B11: Seuil de rentabilité(€) | C11: =C5/(C10/C3) -> #VALUE! | D11: =D5/(D10/D3) -> #VALUE! | E11: =E5/(E10/E3) -> #VALUE! | F11: =F5/(F10/F3) -> #VALUE! | G11: =G5/(G10/G3) -> #VALUE!
B12: Seuil de rentabilité (jours) | C12: =(C11/C3)*330 -> #VALUE! | D12: =(D11/D3)*330 -> #VALUE! | E12: =(E11/E3)*330 -> #VALUE! | F12: =(F11/F3)*330 -> #VALUE! | G12: =(G11/G3)*330 -> #VALUE!

Sheet Simulateur emprunt bancaire
B2: Montant du prêt | C2: 100000
B3: Taux | C3: 0.08
B4: Nb Mensualité | C4: 60
B5: Mensualité | C5: =(C2*C3/12*(1+C3/12)^C4)/(((1+C3/12)^C4)-1) -> 2027.6394
B6: Assurance % | C6: 0.02
B7: Assurance Fixe | C7: =C2*C6/12 -> 166.66667
B8: Mensualité+Assurances | C8: =C5+C7 -> 2194.3061
B9: Frais de dossiers | C9: 500
B10: Cout total du crédit | C10: =((C8*C4)+C9)-C2 -> 32158.366
A12: Date | B12: Montant | C12: intérêts | D12: Capital remb | E12: Capital restant du | G12: Coût par an | H12: Année
A13: 42400 | B13: =C2 -> 100000 | C13: =B13*C$3/12 -> 666.66667 | D13: =IF(C13>0,C$5-C13,0) -> 1360.9728 | E13: =IF(B13-D13>0,B13-D13,0) -> 98639.027 | G13: 2016 | H13: =IF(E24>0,SUM(C13:C24),0) -> 7387.6629
A14: 42429 | B14: =E13 -> 98639.027 | C14: =B14*C$3/12 -> 657.59351 | D14: =IF(C14>0,C$5-C14,0) -> 1370.0459 | E14: =IF(B14-D14>0,B14-D14,0) -> 97268.981 | G14: 2017 | H14: =IF(E36>0,SUM(C25:C36),0) -> 5981.3184
A15: 42460 | B15: =E14 -> 97268.981 | C15: =B15*C$3/12 -> 648.45988 | D15: =IF(C15>0,C$5-C15,0) -> 1379.1796 | E15: =IF(B15-D15>0,B15-D15,0) -> 95889.802 | G15: 2018 | H15: =IF(E48>0,SUM(C37:C48),0) -> 4458.2481
A16: 42490 | B16: =E15 -> 95889.802 | C16: =B16*C$3/12 -> 639.26535 | D16: =IF(C16>0,C$5-C16,0) -> 1388.3741 | E16: =IF(B16-D16>0,B16-D16,0) -> 94501.428 | G16: 2019 | H16: =IF(E60>0,SUM(C49:C60),0) -> 2808.7636
A17: 42521 | B17: =E16 -> 94501.428 | C17: =B17*C$3/12 -> 630.00952 | D17: =IF(C17>0,C$5-C17,0) -> 1397.6299 | E17: =IF(B17-D17>0,B17-D17,0) -> 93103.798 | G17: 2020 | H17: =IF(E72>0,SUM(C61:C72),0) -> 0
A18: 42551 | B18: =E17 -> 93103.798 | C18: =B18*C$3/12 -> 620.69199 | D18: =IF(C18>0,C$5-C18,0) -> 1406.9474 | E18: =IF(B18-D18>0,B18-D18,0) -> 91696.85 | G18: 2021 | H18: =IF(E82>0,SUM(C73:C84),0) -> 0
A19: 42582 | B19: =E18 -> 91696.85 | C19: =B19*C$3/12 -> 611.31234 | D19: =IF(C19>0,C$5-C19,0) -> 1416.3271 | E19: =IF(B19-D19>0,B19-D19,0) -> 90280.523 | G19: 2022 | H19: =IF(E94>0,SUM(C85:C96),0) -> 0
A20: 42613 | B20: =E19 -> 90280.523 | C20: =B20*C$3/12 -> 601.87015 | D20: =IF(C20>0,C$5-C20,0) -> 1425.7693 | E20: =IF(B20-D20>0,B20-D20,0) -> 88854.754 | G20: 2023 | H20: =IF(E106>0,SUM(C97:C108),0) -> 0
A21: 42643 | B21: =E20 -> 88854.754 | C21: =B21*C$3/12 -> 592.36503 | D21: =IF(C21>0,C$5-C21,0) -> 1435.2744 | E21: =IF(B21-D21>0,B21-D21,0) -> 87419.48 | G21: 2024 | H21: =IF(E118>0,SUM(C109:C120),0) -> 0
A22: 42674 | B22: =E21 -> 87419.48 | C22: =B22*C$3/12 -> 582.79653 | D22: =IF(C22>0,C$5-C22,0) -> 1444.8429 | E22: =IF(B22-D22>0,B22-D22,0) -> 85974.637 | G22: 2025 | H22: =IF(E130>0,SUM(C121:C132),0) -> 0
A23: 42704 | B23: =E22 -> 85974.637 | C23: =B23*C$3/12 -> 573.16424 | D23: =IF(C23>0,C$5-C23,0) -> 1454.4752 | E23: =IF(B23-D23>0,B23-D23,0) -> 84520.161 | G23: TOTAL | H23: =SUM(H13:H22) -> 20635.993
A24: 42735 | B24: =E23 -> 84520.161 | C24: =B24*C$3/12 -> 563.46774 | D24: =IF(C24>0,C$5-C24,0) -> 1464.1717 | E24: =IF(B24-D24>0,B24-D24,0) -> 83055.99
A25: 42766 | B25: =E24 -> 83055.99 | C25: =B25*C$3/12 -> 553.7066 | D25: =IF(C25>0,C$5-C25,0) -> 1473.9328 | E25: =IF(B25-D25>0,B25-D25,0) -> 81582.057
A26: 42794 | B26: =E25 -> 81582.057 | C26: =B26*C$3/12 -> 543.88038 | D26: =IF(C26>0,C$5-C26,0) -> 1483.759 | E26: =IF(B26-D26>0,B26-D26,0) -> 80098.298
A27: 42825 | B27: =E26 -> 80098.298 | C27: =B27*C$3/12 -> 533.98865 | D27: =IF(C27>0,C$5-C27,0) -> 1493.6508 | E27: =IF(B27-D27>0,B27-D27,0) -> 78604.647
A28: 42855 | B28: =E27 -> 78604.647 | C28: =B28*C$3/12 -> 524.03098 | D28: =IF(C28>0,C$5-C28,0) -> 1503.6084 | E28: =IF(B28-D28>0,B28-D28,0) -> 77101.039
A29: 42886 | B29: =E28 -> 77101.039 | C29: =B29*C$3/12 -> 514.00692 | D29: =IF(C29>0,C$5-C29,0) -> 1513.6325 | E29: =IF(B29-D29>0,B29-D29,0) -> 75587.406
A30: 42916 | B30: =E29 -> 75587.406 | C30: =B30*C$3/12 -> 503.91604 | D30: =IF(C30>0,C$5-C30,0) -> 1523.7234 | E30: =IF(B30-D30>0,B30-D30,0) -> 74063.683
A31: 42947 | B31: =E30 -> 74063.683 | C31: =B31*C$3/12 -> 493.75789 | D31: =IF(C31>0,C$5-C31,0) -> 1533.8815 | E31: =IF(B31-D31>0,B31-D31,0) -> 72529.801
A32: 42978 | B32: =E31 -> 72529.801 | C32: =B32*C$3/12 -> 483.53201 | D32: =IF(C32>0,C$5-C32,0) -> 1544.1074 | E32: =IF(B32-D32>0,B32-D32,0) -> 70985.694
A33: 43008 | B33: =E32 -> 70985.694 | C33: =B33*C$3/12 -> 473.23796 | D33: =IF(C33>0,C$5-C33,0) -> 1554.4015 | E33: =IF(B33-D33>0,B33-D33,0) -> 69431.292
A34: 43039 | B34: =E33 -> 69431.292 | C34: =B34*C$3/12 -> 462.87528 | D34: =IF(C34>0,C$5-C34,0) -> 1564.7641 | E34: =IF(B34-D34>0,B34-D34,0) -> 67866.528
A35: 43069 | B35: =E34 -> 67866.528 | C35: =B35*C$3/12 -> 452.44352 | D35: =IF(C35>0,C$5-C35,0) -> 1575.1959 | E35: =IF(B35-D35>0,B35-D35,0) -> 66291.332
... A132: 46022 | B132: =E131 -> 0 | C132: =B132*C$3/12 -> 0 | D132: =IF(C132>0,C$5-C132,0) -> 0 | E132: =IF(B132-D132>0,B132-D132,0) -> 0

Sheet Compte de résultat
G3: Exercice N | H3: Exercice (N-1)
B4: Produits d'exploitation (1):
C5: Ventes de marchandises | G5: 0 | H5: 0
C6: Production vendue [biens et services] (a) | G6: 0 | H6: 0
E7: Sous-total A - Montant net du chiffre d'affaires | G7: =G5+G6 -> 0 | H7: =H5+H6 -> 0
E8: dont à l'exportation: | G8: 0 | H8: 0
C9: Production stockée (b) | G9: 0 | H9: 0
C10: Production immobilisée | G10: 0 | H10: 0
C11: Subventions d'exploitation | G11: 0 | H11: 0
C12: Reprises sur provisions (et amortissements), transferts de charges | G12: 0 | H12: 0
C13: Autres produits | G13: 0 | H13: 0
E14: Total I | G14: =G7+SUM(G9:G13) -> 0 | H14: =H7+SUM(H9:H13) -> 0
B15: Charges d'exploitation (2):
C16: Achats de marchandises (d) | G16: 0 | H16: 0
D17: Variation des stocks (e) | G17: 0 | H17: 0
C18: Achats de matières premières et autres approvisionnements (d) | G18: 0 | H18: 0
D19: Variation des stock (e) | G19: 0 | H19: 0
C20: *Autres achats et charges externes | G20: 0 | H20: 0
C21: Impôts, taxes et versements assimilés | G21: 0 | H21: 0
C22: Salaires et traitements | G22: 0 | H22: 0
C23: Charges sociales | G23: 0 | H23: 0
C24: Dotations aux amortissements et aux provisions:
D25: Sur immobilisations: dotations aux amortissements (f) | G25: 0 | H25: 0
D26: Sur immobilisations: dotations aux provisions | G26: 0 | H26: 0
D27: Sur actif circulant: dotations aux provisions | G27: 0 | H27: 0
D28: Pour risques et charges: dotations aux provisions | G28: 0 | H28: 0
C29: Autres charges | G29: 0 | H29: 0
E30: Total II | G30: =SUM(G25:G29,G16:G23) -> 0 | H30: =SUM(H25:H29,H16:H23) -> 0
B31: * Y compris
B32: - | C32: Redevences de crédit-bail mobilier | G32: 0 | H32: 0
B33: - | C33: Redevences de crédit-bail immobilier | G33: 0 | H33: 0
B35: 1. RESULTAT D'EXPLOITATION (I-II) | G35: =G14-G30 -> 0 | H35: =H14-H30 -> 0
B36: Quote-parts de résultat sur opérations faites en commun:
C37: Bénéfice ou perte transférée III | G37: 0 | H37: 0
C38: Pertes ou bénéfices transféré IV | G38: 0 | H38: 0
B39: Produits financiers:
C40: De participation (3) | G40: 0 | H40: 0
C41: D'autres valeurs mobilières et créances de l'actif immobilisé (3) | G41: 0 | H41: 0
C42: Autres intérêts et produits assimilés (3) | G42: 0 | H42: 0
C43: Reprises sur provisions et transfers de charges | G43: 0 | H43: 0
C44: Différences positives de change | G44: 0 | H44: 0
C45: Produits nets sur cessions de valeurs mobilières de placement | G45: 0 | H45: 0
E46: Total V | G46: =SUM(G40:G45) -> 0 | H46: =SUM(H40:H45) -> 0
B47: Charges financières:
C48: Dotations aux amortissements et provisions | G48: 0 | H48: 0
C49: Intérêts et charges assimilées (4) | G49: 0 | H49: 0
C50: Différences négatives de change | G50: 0 | H50: 0
C51: Charges nettes sur cessions de valeurs mobilières de placement | G51: 0 | H51: 0
E52: Total VI | G52: =SUM(G48:G51) -> 0 | H52: =SUM(H48:H51) -> 0
B53: 2. RESULTAT FINANCIER (V-VI) | G53: =G46-G52 -> 0 | H53: =H46-H52 -> 0
B54: 3. RESULTAT COURANT avant impots (I-II+III-IV+V-VI) | G54: =G14-G30+G37-G38+G46-G52 -> 0 | H54: =H14-H30+H37-H38+H46-H52 -> 0
B55: Produits exceptionnels:
C56: Sur opérations de gestion | G56: 0 | H56: 0
C57: Sur opérations en capital | G57: 0 | H57: 0
C58: Reprises sur provisions et transferts de charges | G58: 0 | H58: 0
E59: Totat VII | G59: =SUM(G56:G58) -> 0 | H59: =SUM(H56:H58) -> 0
B60: Charges exceptionnelles:
C61: Sur opérations de gestion | G61: 0 | H61: 0
C62: Sur opérations en capital | G62: 0 | H62: 0
C63: Dotations aux amortissements et aux provisions | G63: 0 | H63: 0
E64: Total VIII | G64: =SUM(G61:G63) -> 0 | H64: =SUM(H61:H63) -> 0
B65: 4. RESULTAT EXCEPTIONNEL (VII-VIII) | G65: =G59-G64 -> 0 | H65: =H59-H64 -> 0
B66: Participation des salariés aux résultats (IX) | G66: 0 | H66: 0
B67: Impôts sur les bénéfices (X) | G67: 0 | H67: 0
E68: Total des produits (I+III+V+VII) | G68: =G14+G37+G46+G59 -> 0 | H68: =H14+H37+H46+H59 -> 0
E69: Total des charges (II+IV+VI+VIII+IX+X) | G69: =G30+G38+G52+G64+G66+G67 -> 0 | H69: =H30+H38+H52+H64+H66+H67 -> 0
E70: Bénefice ou perte | G70: =G68-G69 -> 0 | H70: =H68-H69 -> 0
B72: (1) | C72: Dont produits afférents à des exercices antérieurs.
C73: Les conséquences des corrections d’erreurs significatives, calculées après
C74: impôt, sont présentées sur une ligne séparée sauf s’il s’agit de corriger une
C75: écriture ayant été directement imputée sur les capitaux propres
B76: (2) | C76: Dont charges afférentes à des exercices antérieurs.
C77: Les conséquences des corrections d’erreurs significatives, calculées après
C78: impôt, sont présentées sur une ligne séparée sauf s’il s’agit de corriger une
C79: écriture ayant été directement imputée sur les capitaux propres
B80: (3) | C80: Dont produits concernant les entités liées
B81: (4) | C81: Dont intérêts concernant les entités liées
B84: (a) | C84: A inscrire, le cas échéant, sur des lignes distinctes.
B85: (b) | C85: Stock final moins stock initial : montant de la variation en moins entre parenthèses ou précédé du signe (-).
B86: (d) | C86: Y compris droits de douane.
B87: (e) | C87: Stock initial moins stock final : montant de la variation en moins entre parenthèses ou précédé du signe (-).
B88: (f) | C88: Y compris éventuellement dotations aux amortissements des charges à répartir.
B90: N.B. | C90: Outre le résultat exceptionnel avant impôts que les sociétés de capitaux doivent faire ressortir, les entités ont la faculté de faire
C91: apparaître distinctement le résultat d'exploitation et le résultat financier. Le bénéfice ou la perte résulte alors de la somme algébrique
C92: des résultats courant et exceptionnel (3 + 4) et les charges IX et X.

Sheet Passif
B3: PASSIF | G3: Exercice N | H3: Exercice N-1
B4: CAPITAUX PROPRES*
B5: Capital [dont versé] (a) | G5: 0 | H5: 0
B6: Primes d'émission, de fusion, d'apport, | G6: 0 | H6: 0
B7: Ecart de réévaluation (b) | G7: 0 | H7: 0
B8: Ecart d'équivalence (c) | G8: 0 | H8: 0
B9: Réserves:
C10: Réserve légale | G10: 0 | H10: 0
C11: Réserves statutaires ou contractuelles | G11: 0 | H11: 0
C12: Réserves réglementées | G12: 0 | H12: 0
C13: Autres | G13: 0 | H13: 0
B14: Report à nouveau (d) | G14: 0 | H14: 0
E15: Sous-total : Situation nette | G15: =SUM(G5:G8,G10:G14) -> 0 | H15: =SUM(H5:H8,H10:H14) -> 0
B16: Subventions d'investissement | G16: 0 | H16: 0
B17: Provisions réglementées | G17: 0 | H17: 0
E18: Total I | G18: =G15+SUM(G16:G17) -> 0 | H18: =H15+SUM(H16:H17) -> 0
B19: PROVISIONS POUR RISQUES ET CHARGES
B20: Provisions pour risques | G20: 0 | H20: 0
B21: Provisions pour charges | G21: 0 | H21: 0
E22: Total II | G22: =G21+G20 -> 0 | H22: =H21+H20 -> 0
B23: DETTES
B24: Dettes financières:
C25: Emprunts obligataires convertibles | G25: 0 | H25: 0
C26: Autres emprunts obligataires | G26: 0 | H26: 0
C27: Emprunts et dettes auprès établissements de crédits (2) | G27: 0 | H27: 0
C28: Emprunts et dettes financières diverses (3) | G28: 0 | H28: 0
B29: Avances et acomptes reçues sur commandes en cours | G29: 0 | H29: 0
B30: Dettes d'exploitation:
C31: Dettes Fournisseurs et Comptes rattachés (e) | G31: 0 | H31: 0
C32: Dettes fiscales et sociales | G32: 0 | H32: 0
C33: Autres | G33: 0 | H33: 0
B34: Dettes diverses:
C35: Dettes sur immobilisations et Comptes rattachés | G35: 0 | H35: 0
C36: Dettes fiscales (impôts sur bénéfices) | G36: 0 | H36: 0
C37: Autres dettes | G37: 0 | H37: 0
B38: Instruments de trésorerie | G38: 0 | H38: 0
B39: Produits constatés d'avance (1) | G39: 0 | H39: 0
E40: Total III | G40: =SUM(G24:G39) -> 0 | H40: =SUM(H24:H39) -> 0
B41: Ecarts de conversion passif (IV) | G41: 0 | H41: 0
E42: TOTAL GENERAL (I+II+III+IV) | G42: =G18+G22+G40+G41 -> 0 | H42: =H18+H22+H40+H41 -> 0
B44: (1) | C44: Dont à plus d'un an
C45: Dont à moins d'un an
B46: (2) | C46: Dont concours bancaires courants et soldes créditeurs de banques
B47: (3) | C47: Dont emprunts participatifs
B50: * | C50: Le cas échéant, une rubrique "Autres fonds propres" est intercalée entre la rubrique "Capitaux propres" et la rubrique "Provisions pour risques et charges"
C51: avec ouverture des postes constitutifs de cette rubrique sur des lignes séparées (montant des émissions de titres participatifs, avances conditionnées).
C52: Un total I bis fait apparaître le montant des autres fonds propres entre le total I et le total II du passif du bilan. Le total général est complété en conséquence.
B53: (a) | C53: Y compris capital souscrit non appelé.
B54: (b) | C54: A détailler conformément à la législation en vigueur.
B55: (c) | C55: Poste à présenter lorsque des titres sont évalués par équivalence.
B56: (d) | C56: Montant entre parenthèses ou précédé du signe moins (-) lorsqu'il s'agit de pertes reportées.
B57: (e) | C57: Dettes sur achats ou prestations de services.
B58: (f) | C58: A l'exception, pour l'application du (1), des avances et acomptes reçus sur commandes en cours.

Sheet Actif
B3: ACTIF | H3: Exercice N | J3: Exercice N-1
G4: Brut | H4: Amortissements et provisions (à déduire) | I4: Net | J4: Net
B5: Capital souscrit - non appelé | G5: 0 | I5: =G5-H5 -> 0 | J5: 0
B6: ACTIF IMMOBILISE (a)
B7: Immobilisations incorporelles:
C8: Frais d'établissement | G8: 0 | H8: 0 | I8: =G8-H8 -> 0 | J8: 0
C9: Frais de recherche et de développement | G9: 0 | H9: 0 | I9: =G9-H9 -> 0 | J9: 0
C10: Concessions, brevets, licences, marques, procédés, logiciels, droits et valeurs similaires | G10: 0 | H10: 0 | I10: =G10-H10 -> 0 | J10: 0
C11: Fonds commercial (1) | G11: 0 | H11: 0 | I11: =G11-H11 -> 0 | J11: 0
C12: Autres | G12: 0 | H12: 0 | I12: =G12-H12 -> 0 | J12: 0
C13: Immobilisations incorporelles en cours | G13: 0 | H13: 0 | I13: =G13-H13 -> 0 | J13: 0
C14: Avances et acomptes | G14: 0 | H14: 0 | I14: =G14-H14 -> 0 | J14: 0
B15: Immobilisations corporelles:
C16: Terrains | G16: 0 | H16: 0 | I16: =G16-H16 -> 0 | J16: 0
C17: Constructions | G17: 0 | H17: 0 | I17: =G17-H17 -> 0 | J17: 0
C18: Installations techniques, matériels, et outillage industriels | G18: 0 | H18: 0 | I18: =G18-H18 -> 0 | J18: 0
C19: Autres | G19: 0 | H19: 0 | I19: =G19-H19 -> 0 | J19: 0
C20: Immobilisations corporelles en cours | G20: 0 | H20: 0 | I20: =G20-H20 -> 0 | J20: 0
C21: Avances et acomptes | G21: 0 | H21: 0 | I21: =G21-H21 -> 0 | J21: 0
B22: Immobilisations financières (2):
C23: Participations (b) | G23: 0 | H23: 0 | I23: =G23-H23 -> 0 | J23: 0
C24: Créances rattachées à des participations | G24: 0 | H24: 0 | I24: =G24-H24 -> 0 | J24: 0
C25: Titres immobilisés de l'activité de portefeuille | G25: 0 | H25: 0 | I25: =G25-H25 -> 0 | J25: 0
C26: Autres titres immobilisés | G26: 0 | H26: 0 | I26: =G26-H26 -> 0 | J26: 0
C27: Prêts | G27: 0 | H27: 0 | I27: =G27-H27 -> 0 | J27: 0
C28: Autres | G28: 0 | H28: 0 | I28: =G28-H28 -> 0 | J28: 0
E29: Total I | G29: =G5+SUM(G8:G14,G16:G21,G23:G28) -> 0 | H29: =H5+SUM(H8:H14,H16:H21,H23:H28) -> 0 | I29: =I5+SUM(I8:I14,I16:I21,I23:I28) -> 0 | J29: =J5+SUM(J8:J14,J16:J21,J23:J28) -> 0
B31: ACTIF CIRCULANT
B32: Stocks et en-cours (a):
C33: Matières premières et autres approvisionnements | G33: 0 | H33: 0 | I33: =G33-H33 -> 0 | J33: 0
C34: En cours de production [biens et services] (c) | G34: 0 | H34: 0 | I34: =G34-H34 -> 0 | J34: 0
C35: Produits intermédiaires et finis | G35: 0 | H35: 0 | I35: =G35-H35 -> 0 | J35: 0
C36: Marchandises | G36: 0 | H36: 0 | I36: =G36-H36 -> 0 | J36: 0
B37: Avances et acomptes versés sur commandes | G37: 0 | H37: 0 | I37: =G37-H37 -> 0 | J37: 0
B38: Créances d'exploitation (3):
C39: Créances clients et comptes rattachés (a) (d) | G39: 0 | H39: 0 | I39: =G39-H39 -> 0 | J39: 0
C40: Autres | G40: 0 | H40: 0 | I40: =G40-H40 -> 0 | J40: 0
C41: Capital souscrit - appelé, non versé | G41: 0 | H41: 0 | I41: =G41-H41 -> 0 | J41: 0
B42: Valeurs mobilières de placement (e):
C43: Actions propres | G43: 0 | H43: 0 | I43: =G43-H43 -> 0 | J43: 0
C44: Autres titres | G44: 0 | H44: 0 | I44: =G44-H44 -> 0 | J44: 0
B45: Instruments de trésorerie | G45: 0 | H45: 0 | I45: =G45-H45 -> 0 | J45: 0
B46: Disponibilités | G46: 0 | H46: 0 | I46: =G46-H46 -> 0 | J46: 0
B47: Charges constatées d'avance (3) | G47: 0 | H47: 0 | I47: =G47-H47 -> 0 | J47: 0
E48: Total II | G48: =SUM(G33:G37,G39:G41,G43:G47) -> 0 | H48: =SUM(H33:H37,H39:H41,H43:H47) -> 0 | I48: =SUM(I33:I37,I39:I41,I43:I47) -> 0 | J48: =SUM(J33:J37,J39:J41,J43:J47) -> 0
B49: Charges à répartir sur plusieurs exercices (III) | G49: 0 | H49: 0 | I49: =G49-H49 -> 0 | J49: 0
B50: Primes de remboursement des emprunts (IV) | G50: 0 | I50: =G50-H50 -> 0 | J50: 0
B51: Ecarts de conversion Actif (V) | G51: 0 | I51: =G51-H51 -> 0 | J51: 0
E52: TOTAL GENERAL (I+II+III+IV+V) | G52: =G29+G48+G49+G50+G51 -> 0 | H52: =H29+H48+H49+H50+H51 -> 0 | I52: =I29+I48+I49+I50+I51 -> 0 | J52: =J29+J48+J49+J50+J51 -> 0
B54: (1) | C54: Dont droit au bail
B55: (2) | C55: Dont à moins d'un an
B56: (3) | C56: Dont à plus d'un an
B59: (a) | C59: Les actifs avec clause de réserve de propriété sont regroupés sur une ligne distincte portant la mention " dont…avec clause de réserve de propriété".
C60: En cas d’impossibilité d’identifier les biens, un renvoi au pied du bilan indique le montant restant à payer sur ces biens. Le montant à payer comprend
C61: celui des effets non échus
B62: (b) | C62: Si des titres sont évalués par équivalence, ce poste est subdivisé en deux sous-postes " Participations évaluées par équivalence " et " Autres
C63: participations ". Pour les titres évalués par équivalence, la colonne " Brut " présente la valeur globale d’équivalence si elle est supérieure au
C64: coût d’acquisition. Dans le cas contraire, le prix d’acquisition est retenu. La provision pour dépréciation globale du portefeuille figure dans la
C65: 2ème colonne. La colonne " Net " présente la valeur globale d’équivalence positive ou une valeur nulle.
B66: (c) | C66: A ventiler, le cas échéant, entre biens, d'une part, et services d'autre part.
B67: (d) | C67: Créances résultant de ventes ou de prestations de services.
B68: (e) | C68: Poste à servir directement s'il n'existe pas de rachat par l’entité de ses propres actions.

Sheet Tableau SIG
A3: Produits | F3: Charges | K3: Soldes intermédiaires | N3: N | O3: N-1
A4: (Colonne 1) | F4: (Colonne 2) | K4: (Colonne 1 - Colonne 2)
B6: Ventes marchandises | E6: 0 | G6: Coût achat marchandises vendues | J6: 0 | L6: Marge commerciale | N6: =E6-J6 -> 0 | O6: 0
B9: Production vendue | E9: 0 | G9: ou Destockage de production (a) | J9: 0
B10: Production stockée | E10: 0
B11: Production immobilisée | E11: 0
D12: Total | E12: =E9+E10+E11 -> 0 | I12: Total | J12: =J9 -> 0 | L12: Production de l'exercice | N12: =E12-J12 -> 0 | O12: 0
B15: · | C15: Production de l'exercice | E15: =N12 -> 0 | G15: Consommation de l'exercice en provenance de tiers | J15: 0
B16: · | C16: Marge commerciale | E16: =N6 -> 0
D17: Total | E17: =E15+E16 -> 0 | I17: Total | J17: =J15 -> 0 | L17: Valeur ajoutée | N17: =E17-J17 -> 0 | O17: 0
B20: · | C20: Valeur ajoutée | E20: =N17 -> 0 | H20: Impôt, taxes et versements assimilés (b) | J20: 0
C21: Subventions d'exploitation | E21: 0 | H21: Charges de personnel | J21: 0
D22: Total | E22: =E20+E21 -> 0 | I22: Total | J22: =J20+J21 -> 0 | L22: Excédent brut (ou insuffisance brute) d'exploitation | N22: =E22-J22 -> 0 | O22: 0
B25: · | C25: Excédent brut d'exploitation | E25: =IF(N22>=0,N22,0) -> 0 | G25: · | H25: ou Insuffisance brute d'exploitation | J25: =ABS(IF(N22<0,N22,0)) -> 0
C26: Reprises sur charges et transferts de charges | E26: 0 | H26: Dotations aux amortissements et aux provisions | J26: 0
C27: Atres produits | E27: 0 | H27: Autres charges | J27: 0
D28: Total | E28: =E25+E26+E27 -> 0 | I28: Total | J28: =J25+J26+J27 -> 0 | L28: Résultat d'exploitation (bénéfice ou perte) | N28: =E28-J28 -> 0 | O28: 0
B31: · | C31: Résultat d'exploitation | E31: =IF(N28>=0,N28,0) -> 0 | G31: · | H31: ou Résultat d'exploitation | J31: =ABS(IF(R28<0,R28,0)) -> 0
C32: Quote-parts de résultat positifs sur opérations faites en commun | E32: 0 | H32: Quote-parts de résultat négatifs sur opérations faites en commun | J32: 0
C33: Produits financiers | E33: 0 | H33: Charges financières | J33: 0
D34: Total | E34: =E31+E32+E33 -> 0 | I34: Total | J34: =J31+J32+J33 -> 0 | L34: Résultat courant avant impôts (bénéfice ou perte) | N34: =E34-J34 -> 0 | O34: 0
B37: Produits exceptionnels | E37: 0 | G37: Charges exceptionnelles | J37: 0 | L37: Résultat exceptionnel (bénéfice ou perte) | N37: =E37-J37 -> 0 | O37: 0
B40: · | C40: Résultat courant avant impôts | E40: =IF(N34>=0,N34,0) -> 0 | G40: · | H40: ou Résultat courant avant impôts | J40: =ABS(IF(N34<0,N34,0)) -> 0
B41: · | C41: Résultat exceptionnel | E41: =IF(N37>=0,N37,0) -> 0 | G41: · | H41: ou Résultat exceptionnel | J41: =ABS(IF(N37<0,N37,0)) -> 0
H42: Participation des salariés | J42: 0
H43: Impôts sur les bénéfices | J43: 0
D44: Total | E44: =E40+E41 -> 0 | I44: Total | J44: =J40+J41+J42+J43 -> 0 | L44: Résultat de l'exercice (bénéfice ou perte) (c) | N44: =E44-J44 -> 0 | O44: 0
B47: Produits des cessions d'éléments d'actif | E47: 0 | G47: Valeur comptable des éléments cédés | J47: 0 | L47: Plus-values et moins-values sur cessions d'éléments d'actif | N47: =E47-J47 -> 0 | O47: 0
A50: (a) | B50: En déduction des produits dans le compte de résultat.
A51: (b) | B51: Pour le calcul de la valeur ajoutée, sont assimilés à des consommations externes, les impôts indirects à caractère spécifique inscrits au compte 635 "Impôts, taxes et versements assimilés" et acquittés lors de la mise à la consommation des biens taxables
A52: (c) | B52: Soit total général des produits - total général des charges.
